 Dungeon Crawl Stone Soup version 0.21-a0-504-g2eda330 (webtiles) character file.

2330 kae the Geomancer (level 9, -5/52 HPs)
             Began as a Gargoyle Earth Elementalist on Nov 25, 2017.
             Was an Initiate of Vehumet.
             Slain by a death yak (16 damage)
             ... on level 8 of the Dungeon.
             The game lasted 00:07:38 (8592 turns).

kae the Geomancer (Gargoyle Earth Elementalist)     Turns: 8592, Time: 00:07:39

Health: -5/52      AC: 13    Str: 13    XL:     9   Next: 42%
Magic:  0/18       EV: 14    Int: 18    God:    Vehumet [......]
Gold:   318        SH:  0    Dex: 16    Spells: 16/20 levels left

rFire    . . .     SeeInvis .   B - +4 falchion of Generosity {slice, *Corrode +Inv Dex+6}
rCold    + . .     Gourm    .   (no shield)
rNeg     + . .     Faith    .   c - +1 robe
rPois    ∞         Spirit   +   (no helmet)
rElec    +         Reflect  .   (no cloak)
rCorr    .         Harm     .   I - +0 pair of gloves
MR       .....                  s - +2 pair of boots
Stlth    ++........             L - amulet of guardian spirit
HPRegen  0.17/turn              l - ring of protection from cold
MPRegen  0.16/turn              (no ring)

@: about to teleport
A: negative energy resistance 1, electricity resistance, unbreathing,
petrification resistance, rot immunity, AC +6
a: Renounce Religion, Evoke Invisibility


You were on level 8 of the Dungeon.
You worshipped Vehumet.
Vehumet was noncommittal.
You were not hungry.

You visited 2 branches of the dungeon, and saw 9 of its levels.

You collected 318 gold pieces.

Inventory:

Hand Weapons
 h - a +0 club
 u - a cursed -1 dagger
 B - the +4 falchion of Generosity (weapon) {slice, *Corrode +Inv Dex+6}
   (You found it on level 4 of the Dungeon)

   It inflicts extra damage upon your enemies.
   It affects your dexterity (+6).
   It lets you turn invisible.
   It may corrode you when you take damage.
Missiles
 b - 169 stones (quivered)
Armour
 c - a +1 robe (worn)
 s - a +2 pair of boots (worn)
 I - a +0 pair of gloves (worn)
Jewellery
 l - a ring of protection from cold (left hand)
 L - an amulet of guardian spirit (around neck)
Wands
 w - a wand of random effects (38)
 F - a wand of iceblast (9)
Scrolls
 j - 2 scrolls of amnesia
 k - 2 scrolls of remove curse
 p - 4 scrolls of magic mapping
 E - a scroll of enchant armour
 G - a scroll of fear
Potions
 a - 4 potions of might
 f - 2 potions of curing
 i - 3 potions of cancellation
 n - 2 potions of haste
 o - 2 potions of ambrosia
 q - a potion of magic {unknown}
 r - 4 potions of agility {unknown}
 t - 2 potions of heal wounds {unknown}
 A - a potion of resistance
 C - a potion of brilliance {unknown}
 D - a potion of berserk rage
 H - a potion of lignification {unknown}
 K - a potion of flight
Books
 e - a book of Geomancy

   Spells                             Type                      Level
   a - Sandblast                      Earth                        1
   b - Passwall                       Transmutation/Earth          2
   c - Stone Arrow                    Conjuration/Earth            3
   d - Petrify                        Transmutation/Earth          4
   e - Lee's Rapid Deconstruction     Earth                        5
 y - a book of Changes

   Spells                             Type                      Level
   a - Beastly Appendage              Transmutation                1
   b - Sticks to Snakes               Transmutation                2
   c - Spider Form                    Transmutation/Poison         3
   d - Ice Form                       Ice/Transmutation            4
   e - Blade Hands                    Transmutation                5
Comestibles
 d - 7 bread rations
 g - 4 meat rations
 v - 3 royal jellies
 z - 8 fruits


   Skills:
 + Level 4.3 Fighting
 + Level 3.7 Dodging
 - Level 2.1 Stealth
 * Level 6.1 Spellcasting
 * Level 6.3 Conjurations
   Level 0.7 Transmutations
 * Level 8.6 Earth Magic


You had 16 spell levels left.
You knew the following spells:

 Your Spells              Type           Power        Failure   Level  Hunger
a - Sandblast             Erth           #####.       1%          1    None
b - Stone Arrow           Conj/Erth      ####..       1%          3    ##.....


Dungeon Overview and Level Annotations

Branches:
Dungeon (8/15)             Temple (1/1) D:6            Lair (0/6) D:8

Altars:
Ashenzari
Dithmenos
Elyvilon
Fedhas
Gozag
Kikubaaqudgha
Makhleb
Qazlal
Ru
Trog
Vehumet
Wu Jian
Xom
Yredelemnul

Shops:
D:5 }

Annotations:
D:5 Nattefrost's ghost, novice DrSu


Innate Abilities, Weirdness & Mutations

You are resistant to torment.
Your stone body is resilient. (AC +6)
You are immune to poison.
You resist negative energy. (rN+)
You are resistant to electric shocks. (rElec)
You can survive without breathing.
You are immune to petrification.
You are immune to rotting.


Message History

Aim: a death yak (moderately wounded)
The blast of sand hits the death yak.
The death yak is moderately wounded.
b - 170 stones The death yak gores you!!
* * * LOW HITPOINT WARNING * * *
Casting: Sandblast
Confirm with . or Enter, or press ? or * to list all spells.
Aiming: Sandblast
Press: ? - help, Shift-Dir - straight line, f/p - death yak
Aim: a death yak (moderately wounded)
The blast of sand hits the death yak.
The death yak is heavily wounded.
b - 169 stones The death yak closely misses you.
You riposte.
You hit the death yak.
The death yak is heavily wounded.
You see here 7 poisoned needles.
As you read the scroll of teleportation, it crumbles to dust.
You feel strangely unstable. The death yak gores you!
You die...

#.#.#.##### #
##...#.#...#.#
......#...#.#
####..#.......#
......#.......#
#####....>....#
#...........## ###
#.######....#########
..#
#........@Y..#####.#
#††.#######........#
#..†# #..#####.#
#...#######..#####.#
.#.>.....)...........
#........)###.###....Y
#...####### #.#
#...... #.#.# #.#
#Z...... #.##.# #.#
#........


You could see a death yak.

Vanquished Creatures
  Prince Ribbit (D:6)
  A hungry ghost (D:4)
  Menkaure (D:6)
  Edmund (D:6)
  Duvessa (D:6)
  3 black bears (D:6)
  An orc warrior (D:7)
  A centaur (D:7)
  2 bullfrogs (D:6)
  Dowan (D:6)
  2 bullfrog zombies
  2 crimson imps (D:7)
  2 centaur zombies (D:5)
  A quasit (D:6)
  A hound (D:7)
  3 jellies
  2 bullfrog skeletons
  8 orc wizards
  An iguana (D:7)
  3 worker ants
  A hound skeleton (D:7)
  4 gnolls (D:3)
  13 adders
  2 shadow imps
  An ooze (D:4)
  An adder zombie (D:7)
  2 worms
  2 dart slugs
  4 leopard geckos
  27 orcs
  3 ball pythons
  6 bats
  7 giant cockroaches
  11 goblins
  11 hobgoblins
  4 jackals (D:8)
  5 quokkas
  10 frilled lizards
  2 kobolds (D:2)
  A leopard gecko skeleton (D:4)
  A quokka skeleton (D:6)
  10 rats
166 creatures vanquished.

Notes
Turn   | Place    | Note
-------+----------+-------------------------------------------
     0 | D:1      | kae the Gargoyle Earth Elementalist began the quest for the Orb.
     0 | D:1      | Reached XP level 1. HP: 10/10 MP: 3/3
   289 | D:1      | Reached XP level 2. HP: 8/15 MP: 1/5
   423 | D:1      | Reached skill level 4 in Earth Magic
   834 | D:1      | Reached XP level 3. HP: 14/19 MP: 6/6
  1242 | D:2      | Learned a level 3 spell: Stone Arrow
  1515 | D:2      | Reached XP level 4. HP: 13/24 MP: 1/8
  1574 | D:2      | Reached skill level 1 in Conjurations
  2143 | D:3      | Reached skill level 1 in Fighting
  2143 | D:3      | Reached XP level 5. HP: 3/29 MP: 1/9
  2540 | D:3      | Reached skill level 5 in Earth Magic
  3334 | D:4      | Reached XP level 6. HP: 34/34 MP: 0/11
  3638 | D:4      | Noticed a hungry ghost
  3646 | D:4      | Killed a hungry ghost
  3752 | D:4      | Reached XP level 7. HP: 18/40 MP: 3/12
  3911 | D:4      | Reached skill level 6 in Earth Magic
  4275 | D:4      | Got a fine falchion
  4279 | D:4      | Identified the +4 falchion of Generosity {slice, *Corrode +Inv Dex+6} (You found it on level 4 of the Dungeon)
  4456 | D:5      | Entered Level 5 of the Dungeon
  4495 | D:5      | Noticed Nattefrost's ghost (novice DrSu)
  4807 | D:5      | Found Oneocap's Gadget Shoppe.
  5416 | D:6      | Reached XP level 8. HP: 45/45 MP: 10/14
  5417 | D:6      | Noticed Menkaure
  5418 | D:6      | Killed Menkaure
  5472 | D:6      | Found a bloodstained altar of Trog.
  5477 | D:6      | Reached skill level 7 in Earth Magic
  5482 | D:6      | Reached skill level 5 in Spellcasting
  5625 | D:6      | Noticed Edmund
  5653 | D:6      | Killed Edmund
  5653 | D:6      | Reached skill level 5 in Conjurations
  5938 | D:6      | Noticed Dowan
  5940 | D:6      | Noticed Duvessa
  5972 | D:6      | Killed Duvessa
  5979 | D:6      | Noticed Prince Ribbit
  6215 | D:6      | Killed Prince Ribbit
  6215 | D:6      | Reached skill level 8 in Earth Magic
  6215 | D:6      | Reached XP level 9. HP: 30/52 MP: 13/17
  6590 | D:6      | Found a white marble altar of Elyvilon.
  6591 | D:6      | Found a shimmering altar of Xom.
  6592 | D:6      | Found a stormy altar of Qazlal.
  6594 | D:6      | Found a basalt altar of Yredelemnul.
  6594 | D:6      | Found a blossoming altar of Fedhas.
  6594 | D:6      | Found a shadowy altar of Dithmenos.
  6595 | D:6      | Found an opulent altar of Gozag.
  6595 | D:6      | Found a shadowy altar of Dithmenos.
  6595 | D:6      | Found an opulent altar of Gozag.
  6596 | D:6      | Found a white marble altar of Elyvilon.
  6596 | D:6      | Found a white marble altar of Elyvilon.
  6596 | D:6      | Found a burning altar of Makhleb.
  6599 | D:6      | Found a staircase to the Ecumenical Temple.
  6658 | Temple   | Entered the Ecumenical Temple
  6687 | Temple   | Became a worshipper of Vehumet
  6937 | D:6      | Found a white marble altar of Elyvilon.
  6938 | D:6      | Found a shimmering altar of Xom.
  6942 | D:6      | Found an opulent altar of Gozag.
  6942 | D:6      | Found a shadowy altar of Dithmenos.
  6942 | D:6      | Found an opulent altar of Gozag.
  6943 | D:6      | Found a white marble altar of Elyvilon.
  6943 | D:6      | Found a white marble altar of Elyvilon.
  6943 | D:6      | Found a burning altar of Makhleb.
  6986 | D:6      | Killed Dowan
  7095 | D:6      | Found a bloodstained altar of Trog.
  8574 | D:8      | Noticed a death yak
  8575 | D:8      | Found a staircase to the Lair.
  8592 | D:8      | Slain by a death yak

Vault maps used:
D:1:      saegor_arrival_simple_b
D:2:      minmay_tiny_reverse_x
D:3:      first_bread, minmay_goblin_outpost
D:4:      serial_park_tiny_1, minmay_joined_circles
D:5:      serial_shops, shop
D:6:      temple_doors_ab, trog_ov_bears_minmay, uniq_menkaure,
          uniq_prince_ribbit1, uniq_edmund, uniq_duvessa
D:8:      kennysheep_mini, dpeg_lair_monsters
Temple:   nicolae_temple_the_god_donut

Skill      XL: |  1  2  3  4  5  6  7  8  9 |
---------------+----------------------------+-----
Earth Magic    | 4 5 6 8 |  8.6
Spellcasting   | 3 4 5 6 |  6.1
Conjurations   | 1 2 3 4 5 6 |  6.3
Fighting       | 1 2 3 4 |  4.3
Dodging        | 2 3 |  3.7
Stealth        | |  2.1
Transmutations | |  0.7

Action                   |  1- 3 |  4- 6 |  7- 9 || total
-------------------------+-------+-------+-------++-------
Melee: Unarmed           |    23 |       |       ||    23
       Club              |   107 |   173 |    59 ||   339
       Falchion          |       |       |   108 ||   108
 Cast: Sandblast         |    14 |    57 |   100 ||   171
       Stone Arrow       |     2 |     3 |    37 ||    42
  Use: Scroll            |     4 |     5 |    11 ||    20
       Potion            |       |       |     2 ||     2
 Stab: Sleeping          |     7 |     2 |     5 ||    14
  Eat: Chunk             |     2 |    10 |    14 ||    26
       Fruit             |       |       |     2 ||     2
       Royal jelly       |       |       |     1 ||     1
Armor: Robe              |    42 |    98 |   121 ||   261
Dodge: Dodged            |   108 |   166 |   224 ||   498
       Rpst.: Falchion   |       |       |    45 ||    45

Table legend:
 A = Spawn XP
 B = Non-spawn XP
 C = Spawn XP percentage of total XP
 D = Spawn monster count
 E = Non-spawn monster count
 F = Spawn count percentage of total count
 G = Total turns spent on level
                    A         B        C        D         E        F      G
               +---------+---------+-------+---------+---------+-------+---------
         Total |       0 |    3329 |   0.0 |       0 |     166 |   0.0 |  8592
               +---------+---------+-------+---------+---------+-------+---------
           D:1 |       0 |      41 |   0.0 |       0 |      25 |   0.0 |  1227
           D:2 |       0 |      75 |   0.0 |       0 |      23 |   0.0 |   763
           D:3 |       0 |     184 |   0.0 |       0 |      29 |   0.0 |  1308
           D:4 |       0 |     454 |   0.0 |       0 |      28 |   0.0 |  1181
           D:5 |       0 |     264 |   0.0 |       0 |       8 |   0.0 |   835
           D:6 |       0 |    1673 |   0.0 |       0 |      27 |   0.0 |  1877
           D:7 |       0 |     547 |   0.0 |       0 |      16 |   0.0 |  1121
           D:8 |       0 |      91 |   0.0 |       0 |      10 |   0.0 |   245
               +---------+---------+-------+---------+---------+-------+---------
